Map: Ancient Cistern LE

Players

Michaeldrop - Winner!

  • Race: Protoss Protoss
  • Spawn Location: 7:00

VOD

Have the link to the VOD?

Description

Time

  • Played on: April 26, 2023, 8:32 p.m.
  • Length: 19:52
Show
View Real Time Build Order
Export as new Build Order

Michaeldrop Protoss - Winner!

Build Orders:  

Get SALT Encoding   

  12  0:03  Probe (Chrono Boost)  
  13  0:25  Probe (Chrono Boost)  
  14  0:36  Pylon  
  14  0:39  Probe (Chrono Boost)  
  15  0:49  Assimilator  
  15  0:58  Probe (Chrono Boost)  
  15  1:05  Gateway  
  16  1:12  Probe (Chrono Boost)  
  17  1:25  Probe (Chrono Boost)  
  17  1:29  Pylon  
  18  1:37  Probe (Chrono Boost)  
  18  1:49  Probe (Chrono Boost)  
  20  2:06  Probe (Chrono Boost)  
  21  2:14  Cybernetics Core  
  21  2:24  Zealot  
  23  2:40  Assimilator  
  23  2:48  Probe (Chrono Boost)  
  24  3:02  Zealot  
  24  3:05  Probe (Chrono Boost)  
  27  3:22  Probe (Chrono Boost)  
  23  3:40  Zealot  
  28  3:42  Nexus  
  30  4:05  Pylon  
  30  4:10  Twilight Council  
  30  4:17  Forge  
  30  4:30  Zealot  
  30  4:31  Warp Gate  
  30  4:32  Pylon  
  33  4:42  Probe (Chrono Boost)  
  33  4:59  Probe (Chrono Boost)  
  34  5:08  Zealot  
  36  5:19  Protoss Ground Weapons Level 1  
  36  5:38  Probe (Chrono Boost)  
  36  5:39  Pylon  
  38  5:41  Probe (Chrono Boost)  
  38  5:46  Zealot  
  40  5:55  Probe (Chrono Boost)  
  40  5:57  Probe (Chrono Boost)  
  42  6:22  Charge  
  42  6:24  Stalker  
  46  7:30  Probe x2 (Chrono Boost)  
  46  7:31  Zealot  
  48  7:47  Probe x2 (Chrono Boost)  
  50  8:04  Probe x2 (Chrono Boost), Assimilator  
  50  8:08  Assimilator  
  52  8:11  Nexus  
  52  8:16  Assimilator, Pylon  
  54  8:20  Pylon  
  54  8:21  Probe x2 (Chrono Boost), Assimilator  
  54  8:23  Pylon  
  54  8:24  Pylon  
  54  8:27  Pylon  
  54  8:30  Pylon  
  54  8:31  Gateway  
  54  8:33  Pylon, Gateway  
  54  8:35  Gateway  
  54  8:36  Gateway  
  54  8:38  Probe x2 (Chrono Boost)  
  56  8:45  Gateway  
  56  8:52  Gateway  
  56  9:09  Probe (Chrono Boost)  
  58  9:10  Probe (Chrono Boost)  
  58  9:26  Probe (Chrono Boost)  
  58  9:27  Probe (Chrono Boost)  
  60  9:31  Templar Archives  
  60  9:55  Probe (Chrono Boost)  
  60  9:56  Probe x2 (Chrono Boost)  
  63  10:02  Zealot x2  
  63  10:03  Zealot x2  
  61  10:11  Zealot  
  61  10:12  Zealot x2, Probe (Chrono Boost)  
  61  10:13  Probe x2 (Chrono Boost)  
  54  10:32  Zealot x2  
  54  10:33  Zealot x2  
  58  10:40  Zealot  
  58  10:41  Zealot  
  54  10:55  Photon Cannon  
  54  10:57  Photon Cannon  
  50  11:01  Stalker x2  
  50  11:03  Zealot  
  50  11:05  Zealot x2  
  50  11:09  Zealot  
  61  11:10  Zealot  
  62  11:31  Probe (Chrono Boost)  
  62  11:32  Probe x2 (Chrono Boost)  
  62  11:48  Probe x2 (Chrono Boost)  
  64  12:02  Zealot x2, Pylon  
  64  12:03  Zealot x3  
  64  12:04  Zealot x2  
  64  12:06  Pylon  
  78  12:10  Pylon  
  78  12:26  Robotics Facility  
  78  12:30  Robotics Facility  
  78  12:36  Robotics Facility  
  78  12:38  Robotics Facility  
  78  12:49  Zealot  
  80  12:50  Zealot x4  
  80  12:51  Zealot  
  80  12:52  Zealot  
  92  13:13  Nexus  
  92  13:17  Assimilator  
  92  13:25  Assimilator  
  92  13:27  Pylon  
  92  13:30  Pylon  
  92  13:33  Pylon  
  92  13:39  Probe x2 (Chrono Boost)  
  95  13:40  Probe (Chrono Boost)  
  95  13:42  High Templar x3  
  95  13:43  High Templar x2  
  95  13:44  High Templar x2  
  109  13:56  Probe x2 (Chrono Boost)  
  109  13:57  Probe (Chrono Boost)  
  109  13:58  Archon  
  109  13:59  Archon  
  112  14:00  Archon  
  112  14:16  Warp Prism  
  112  14:19  Immortal  
  118  14:20  Immortal  
  118  14:24  Immortal  
  126  14:36  Stalker x2  
  126  14:37  Stalker  
  132  14:41  Adept  
  132  14:48  Adept  
  136  14:51  Adept  
  138  15:36  Zealot x3  
  138  15:37  Zealot x3  
  138  15:38  Zealot  
  144  15:53  Unknown  
  140  16:07  Zealot x2  
  140  16:09  Adept  
  146  16:10  Adept x3  
  150  16:23  Unknown  
  148  16:32  Unknown  
  148  16:41  Zealot x4  
  148  16:42  Zealot x2  
  160  17:23  Unknown  
  160  17:32  Zealot x3  
  160  17:33  Zealot x3  
  160  17:34  Zealot  
  172  17:47  Unknown  
  154  18:51  Stalker  
  154  18:52  Stalker x3  
  154  18:53  Stalker x3  
Tags
 
Add a new tag
Caveats
  • Supply blocks, unpowered buildings, or Contaminate may cause inaccurate times.
  • Supply counts are checked every 10 seconds.